 Dungeon Crawl Stone Soup version 0.26.0-45-g9c1d065592 (webtiles) character file.

Game seed: 12854781425886427406

255 kaeus the Skirmisher (level 5, -9/42 HPs)
             Began as a Demonspawn Fighter on Jan 28, 2021.
             Killed from afar by Ijyb (24 damage)
             ... with a bolt of acid
             ... on level 3 of the Dungeon.
             The game lasted 00:01:49 (2642 turns).

kaeus the Skirmisher (Demonspawn Fighter)           Turns: 2642, Time: 00:01:49

Health: -9/42      AC: 18    Str: 18    XL:     5   Next: 91%
Magic:  5/5        EV:  3    Int:  9    God:
Gold:   163        SH:  9    Dex: 12    Spells: 4/4 levels left

rFire    . . .     SeeInvis .   a - +0 war axe
rCold    . . .     Faith    .   c - +0 kite shield
rNeg     . . .     Spirit   .   q - +0 plate armour
rPois    .         Reflect  .   n - +1 hat
rElec    .         Harm     .   (no cloak)
rCorr    .         Rampage  .   m - +2 pair of gloves
Will     .....                  (no boots)
Stlth    ..........             (no amulet)
HPRegen  0.14/turn              k - +4 ring of protection
MPRegen  0.09/turn              (no ring)

@: corroded
A: hooves 1, molten scales 2
a: no special abilities


You were on level 3 of the Dungeon.
You visited 1 branch of the dungeon, and saw 3 of its levels.

You collected 163 gold pieces.

Inventory:

Hand Weapons
 a - a +0 war axe (weapon)
Armour
 c - a +0 kite shield (worn)
 m - a +2 pair of gloves (worn)
 n - a +1 hat (worn)
 q - a +0 plate armour (worn)
Magical Staves
 o - an uncursed staff of poison
Jewellery
 k - a +4 ring of protection (left hand)
Scrolls
 b - a scroll of blinking {unknown}
 e - a scroll of amnesia {unknown}
 g - 9 scrolls of identify {unknown}
 h - 3 scrolls of remove curse {unknown}
 i - a scroll of enchant weapon {unknown}
 j - 2 scrolls of teleportation {unknown}
 l - a scroll of fear {unknown}
Potions
 d - a potion of might
 f - a potion of brilliance {unknown}
 p - 2 potions of curing


   Skills:
 + Level 4.3 Fighting
 + Level 3.1 Axes
 + Level 3.7 Armour
 + Level 3.8 Shields


You had 4 spell levels left.
You didn't know any spells.
Your spell library was empty.

Dungeon Overview and Level Annotations

Branches:
Dungeon (3/15)

Altars:
Kikubaaqudgha

Annotations:
D:3 Ijyb


Innate Abilities, Weirdness & Mutations

You have large cloven feet.
You are mostly covered in molten scales. (AC +3)


Message History

You are too injured to fight recklessly!
There are monsters nearby!
You are too injured to fight recklessly!
There are monsters nearby!
You are too injured to fight recklessly!
There are monsters nearby!
You are too injured to fight recklessly!
There are monsters nearby!
You are too injured to fight recklessly!
There are monsters nearby!
You are too injured to fight recklessly!
There are monsters nearby!
You are too injured to fight recklessly!
There are monsters nearby!
You are too injured to fight recklessly!
There are monsters nearby!
It was a potion of curing.
You feel better. The adder barely misses you.
Ijyb zaps a wand.
The bolt of acid hits you!!
Ouch! That really hurt!
You die...

#....#
#######...#.#
............#
#######.###.#
#..# .# ##.##
# #..#
#####.#+##
#....@...#
#...Sg...#
#........#
#........#
#........#
######..##
..# #>#


You could see Ijyb and an adder.

Vanquished Creatures
  Purgy (D:3)
  An orc wizard (D:3)
  Robin (D:3)
  3 adders (D:2)
  An ooze (D:3)
  A worm (D:2)
  A dart slug (D:2)
  5 leopard geckos
  5 orcs (D:3)
  9 bats
  9 giant cockroaches
  10 goblins
  7 hobgoblins
  6 kobolds
  2 quokkas
  A ball python (D:2)
  5 frilled lizards
  5 rats
73 creatures vanquished.

Notes
Turn   | Place    | Note
-------+----------+-------------------------------------------
     0 | D:1      | kaeus the Demonspawn Fighter began the quest for the Orb.
     0 | D:1      | Reached XP level 1. HP: 18/18 MP: 1/1
   293 | D:1      | Gained mutation: You are partially covered in molten
                  | scales. (AC +2) [demonic ancestry]
   293 | D:1      | Reached XP level 2. HP: 22/24 MP: 2/2
   741 | D:2      | Gained mutation: You are mostly covered in molten scales.
                  | (AC +3) [demonic ancestry]
   741 | D:2      | Reached XP level 3. HP: 28/29 MP: 3/3
  1666 | D:2      | Reached XP level 4. HP: 31/36 MP: 4/4
  1899 | D:2      | Found an ancient bone altar of Kikubaaqudgha.
  2477 | D:3      | Noticed Purgy
  2495 | D:3      | Killed Purgy
  2496 | D:3      | Reached skill level 4 in Fighting
  2496 | D:3      | Gained mutation: You have large cloven feet. [demonic
                  | ancestry]
  2496 | D:3      | Reached XP level 5. HP: 42/42 MP: 5/5
  2557 | D:3      | Noticed Robin
  2573 | D:3      | Killed Robin
  2634 | D:3      | Noticed Ijyb
  2642 | D:3      | Killed from afar by Ijyb

Illustrated notes

Levels and vault maps discovered:
D:1:      lightli_arrival_isolated_outpost, layout_loops_ring,
          minmay_worlds_worst_comb
D:2:      minmay_chambers_of_ones, layout_loops_corners,
          overflow_temple_1_default, hangedman_feature_mirror
D:3:      layout_basic, uniq_ijyb, uniq_purgy, uniq_robin

Skill      XL: |  1  2  3  4 |
---------------+-------------+-----
Axes           | 2 3 |  3.1
Shields        | 3 |  3.8
Armour         | 3 |  3.7
Fighting       | 4 |  4.3

Action                   |  1- 3 |  4- 6 || total
-------------------------+-------+-------++-------
Melee: War axe           |   128 |    90 ||   218
       Kick              |       |     5 ||     5
  Use: Potion            |       |     1 ||     1
Armor: Scale mail        |    72 |    69 ||   141
       Plate armour      |       |    28 ||    28
Dodge: Dodged            |    42 |    27 ||    69
Block: Kite shield       |    77 |    66 ||   143
